← All builds
Suicide front / Armada / Economy first / OBSERVED BUILD

Mace bot assault

Armada Suicide front build order · Supreme Isthmus

An economy-first start rushes Mace out of the Bot Lab from around 2:02, well ahead of the role's norm, to push a stronger bot assault into the middle before shifting to the usual mixed army.

#rush #push · 110 distinct matches · 31 players · 3% of Armada Suicide front games · team won 53% of 112 · Recently observed

THE CATCH, AND WHAT COMES WITH IT
  • MaceT1 bot assault from 2:02 · 11% of role by thenFrom the Bot Lab. Only 11% of Suicide front games have it by then; others who build it get it around 2:11
  • MaceMace in 84%5% of all Suicide front games by then

Where those units first fight, in 112 games with kill data: in the middle 98%.

Those units destroy a typical 2,880 metal of enemy units by 15:00.

Then transitions into rocketeer (8% of army).

HOW TO PLAY IT

Key timing: Mace by 2:03

  1. Open single mex straight into Bot Lab by 0:44.
  2. Grab more mex and wind while lab keeps producing.
  3. Push Mace-led bot assault into middle ahead of schedule.
  4. Keep reinforcing with Mace, add Centurion for anti-swarm.
  5. Transition into usual Centurion/Blitz mix with T2 cons.

Phase by phase

TYPICAL OF ITS 110 GAMES · AGAINST STANDARD SUICIDE FRONT
  1. 1
  2. 2
  3. 3
  4. 4
PLAY THE OPENING

Follow the example game's first 6:00 step by step: what to build now, what comes next, and where it goes. At 1× it keeps pace with your own game.

  1. 1

    Up to the Bot Lab

    Economy
    • Metal Extractor2Mex
    Order
    1. Bot LabBot Lab after 2 mexdone ~0:42, middle half 0:26–0:58

    Some games also: Sentry (32%)

    By 0:25 in all: 2 mex

    The example game in this phase · 3 steps
    1. Mex
    2. Wind
    3. Bot LabBot Labdone 0:33 · typical 0:42
  2. 2

    Bot Lab to T1 bot assault

    Economy
    • Metal Extractor2Mex
    Order
    1. MaceT1 bot assault after 3 mex, 1 wind
    Builders
    • Construction Bot2 Con bot
    • Lazarus2 Lazarus
    Army
    • Sentry1 Sentry
    • Centurion1 Centurion

    Some games also: wind (43%) · Radar Tower (42%) · tick (36%)

    By 2:02 in all: 3 mex · 1 wind

    The example game in this phase · 12 steps
    1. LazarusLazarus
    2. TickTick
    3. Construction BotCon bot ×2
    4. Mex
    5. SentrySentry
    6. LazarusLazarus
    7. Mex
    8. PawnPawn
    9. Construction BotCon bot
    10. Mex
    11. SentrySentry
    12. MaceMacedone 1:54
  3. 3

    T1 bot assault to 5:00

    Economy
    • Metal Extractor2Mex
    • Wind Turbine5Wind+2 vs standard
    Builders
    • Construction Bot1 Con bot
    • Lazarus1 Lazarus
    Army
    • Sentry2 Sentry
    • Mace11 Mace +11 vs standard

    Some games also: Radar Tower (46%) · con turret (44%) · Beamer (42%)

    The standard build makes here, this one skips: 15 rocketeer

    By 5:00 in all: 5 mex · 6 wind (standard 4)

    The example game in this phase · 9 steps
    1. Radar TowerRadar Tower
    2. MaceMace ×5
    3. BeamerBeamer
    4. RocketeerRocketeer ×2
    5. SentrySentry
    6. RocketeerRocketeer ×4
    7. Mex
    8. Construction BotCon bot ×4
    9. MaceMace ×6
  4. 4

    5:00 to 10:00

    Economy
    • Metal Extractor1Mex
    • Wind Turbine15Wind
    Builders
    • Construction Turret2 Con turret
    • Lazarus3 Lazarus
    Army
    • Mace13 Mace +13 vs standard

    Some games also: con bot (38%) · Sentry (36%) · rocketeer (34%) · Radar Tower (33%) · Beamer (32%)

    The standard build makes here, this one skips: 8 rocketeer

    By 10:00 in all: 6 mex · 21 wind · 2 con turret

    The example game in this phase · 109 steps
    1. MaceMace
    2. Wind
    3. MaceMace
    4. BeamerBeamer
    5. MaceMace
    6. Wind
    7. MaceMace ×2
    8. Wind
    9. LazarusLazarus ×2
    10. Wind
    11. MaceMace ×2
    12. Wind
    13. MaceMace ×2
    14. SentrySentry
    15. Con turret
    16. Wind ×2
    17. MaceMace ×2
    18. Wind
    19. MaceMace
    20. BeamerBeamer
    21. Wind
    22. MaceMace
    23. Wind
    24. MaceMace
    25. Wind
    26. Advanced Metal ExtractorT2 mexdone 8:01 · typical 10:25
    27. MaceMace
    28. Wind
    29. RocketeerRocketeer
    30. Wind
    31. Construction BotCon bot
    32. Mex
    33. Wind ×2
    34. Construction BotCon bot
    35. Advanced Metal ExtractorT2 mex
    36. SentrySentry
    37. Wind
    38. Construction BotCon bot
    39. Wind
    40. Radar TowerRadar Tower
    41. Wind ×3
    42. Advanced Metal ExtractorT2 mex
    43. Wind ×2
    44. PawnPawn ×2
    45. Wind
    46. PawnPawn ×2
    47. Wind
    48. PawnPawn
    49. Wind
    50. Advanced Metal ExtractorT2 mex
    51. PawnPawn
    52. Wind
    53. PawnPawn
    54. Wind ×2
    55. PawnPawn
    56. Wind
    57. PawnPawn ×2
    58. Wind
    59. PawnPawn ×3
    60. Wind
    61. PawnPawn
    62. Mex
    63. PawnPawn
    64. Advanced Metal ExtractorT2 mex
    65. Con turret
    66. Wind
    67. PawnPawn
    68. TickTick
    69. Wind
    70. TickTick ×6
    71. Wind
    72. TickTick ×5
    73. Wind
    74. TickTick ×5
    75. Con turret
    76. Wind
    77. TickTick
    78. Bot LabBot Labdone 12:19
    79. TickTick ×3
    80. Advanced Metal ExtractorT2 mex
    81. TickTick ×2
    82. Con turret
    83. TickTick
    84. Con turret
    85. TickTick ×2
    86. Con turret
    87. TickTick
    88. Con turret
    89. TickTick ×2
    90. Bot LabBot Labdone 13:07
    91. TickTick ×58
    92. Con turret
    93. TickTick ×30
    94. Con turret
    95. TickTick ×14
    96. Con turret
    97. TickTick ×10
    98. Con turret
    99. TickTick ×9
    100. Con turret
    101. TickTick ×7
    102. Con turret
    103. TickTick ×5
    104. Con turret
    105. TickTick ×6
    106. Con turret
    107. TickTick ×7
    108. Con turret
    109. TickTick

Counts are medians over the build's games: half of them build more, half fewer. The example game is ChaoticNoob's (34 OS, 05/09/2026); pick another.

Team trades

IN AT LEAST 30% OF ITS GAMES

You hand over

Nothing regular.

You get

  • Tidal Generator4 Tidal from Pondfirst at 0:11 · in 71% of games
  • Advanced Construction Bot1 T2 con bot from Tech or Geofirst at 8:24 · in 46% of games

How it plays out

Typical game of this build against the role’s standard build, running totals by minute

  • This build
  • Standard suicide front

Metal produced

010k20k
0:005:0010:0015:00

metal

Enemy metal destroyed

05k10k
0:005:0010:0015:00

metal

Own metal lost

05k10k
0:005:0010:0015:00

metal

112 games.

Show as table
ByMetal produced: This buildMetal produced: Standard suicide frontEnemy metal destroyed: This buildEnemy metal destroyed: Standard suicide frontOwn metal lost: This buildOwn metal lost: Standard suicide front
1:003112300000
2:0094488721000
3:0019162009278184141130
4:0029503109815644592501
5:0039704182150913501233999
6:00508153472180218320811707
7:00623065393735305433392589
8:00736777554606393844283499
9:00839390405296469250854371
10:009368104105796531258285156
11:0010644118886419585666995965
12:0012068135787110640176276685
13:0013554153967614687086877455
14:0014457173028062750389598213
15:0016395192578300811395828994
WHAT THE NUMBERS SAY

Won less often than the standard Suicide front build despite destroying more enemy metal.

  • + Destroys 10959 metal by 15:00 vs standard's 8295
  • + Mace committed by 2:03, far ahead of the 10% norm
  • − Own losses run higher, 11331 vs 9179 by 15:00
  • − Metal produced trails standard by 15:00, 18386 vs 20141
THE EXAMPLE YOU ARE READING

ChaoticNoob

33.5 OS · 05/09/2026

Open source match ↗

15 received units · includes a constructor
1079 metal received · 20535 energy received

Allied construction assistance is unknown. Timings are observations, not a promise of solo reproducibility.

Typical milestones

Bot Lab0:42Middle 50%: 0:26–0:58 · n=112
Advanced Metal Extractor10:25Middle 50%: 9:04–11:34 · n=68

Played most by

[crd]sisa49games of this buildChaoticNoob10games of this build[Fx]Doo8games of this buildHorlof5games of this buildDread294games of this build